 Dungeon Crawl Stone Soup version 0.27-a0-899-ge2d0b17c59 (webtiles) character file.

Game seed: 16263668719977403158

2326 jestyr24 the Thaumaturge (level 9, -11/66 HPs)
             Began as a Djinni Fire Elementalist on Apr 5, 2021.
             Was an Initiate of Makhleb.
             Mangled by Harold
             ... wielding a +0 dire flail
              (24 damage)
             ... on level 7 of the Dungeon.
             The game lasted 00:51:27 (7463 turns).

jestyr24 the Thaumaturge (Djinni Fire Elementalist) Turns: 7463, Time: 00:51:27

Health: -11/66     AC:  4    Str:  7    XL:     9   Next: 42%
Gold:   422        EV: 14    Int: 20    God:    Makhleb [......] SH:  0 Dex: 14

rFire    + + .     SeeInvis .   t - +8 scythe (venom)
rCold    x . .     Faith    .   (shield currently unavailable)
rNeg     . . .     Spirit   .   a - +0 robe
rPois    ∞         Reflect  .   p - +0 helmet
rElec    .         Harm     .   h - +0 cloak
rCorr    .         Rampage  .   (no gloves)
Will     .....                  (boots unavailable)
Stlth    ++........             (no amulet)
HPRegen  0.21/turn              (no ring)
MPRegen  0.00/turn              (no ring)

@: marked, flying
A: fire resistance 2, cold vulnerability 1, float, innate caster, hp casting,
extra vitality 1
a: Renounce Religion


You were on level 7 of the Dungeon.
You worshipped Makhleb.
Makhleb was noncommittal.
You visited 2 branches of the dungeon, and saw 8 of its levels.

You collected 422 gold pieces.

Inventory:

Hand Weapons
 d - a +2 short sword of draining
 i - a +2 quarterstaff of chaos
 t - a +8 scythe of venom (weapon)
Missiles
 b - 36 poisoned darts (quivered)
 q - 8 boomerangs
Armour
 a - a +0 robe (worn)
 h - a +0 cloak (worn)
 p - a +0 helmet (worn)
 s - the +3 hat of Pondering {ponderous, Will+ MP+10 Int+5}
   (You found it on level 4 of the Dungeon)

   It affects your intelligence (+5).
   It affects your magic capacity (+10).
   It increases your willpower.
Magical Staves
 f - a staff of fire
 n - a staff of death
Wands
 u - a wand of random effects (17)
 w - a wand of paralysis (21)
 y - a wand of acid (9)
Scrolls
 e - 3 scrolls of teleportation
 g - 2 scrolls of magic mapping
 k - a scroll of fear {unknown}
 v - a scroll of noise {unknown}
 z - a scroll of brand weapon
 A - a scroll of blinking {unknown}
Potions
 c - a potion of ambrosia
 l - a potion of attraction {unknown}
 o - a potion of magic {unknown}
 r - 2 potions of brilliance


   Skills:
 * Level 5.7 Fighting
 - Level 1.2 Short Blades
 - Level 1.4 Polearms
 + Level 5.3 Dodging
 - Level 1.6 Stealth
 + Level 8.4 Spellcasting


You couldn't memorise any spells.
You knew the following spells:

 Your Spells              Type           Power      Damage    Failure   Level
a - Foxfire               Conj/Fire      100%       2x1d9     1%          1
b - Conjure Flame         Conj/Fire      42%        6-21      1%          3
c - Inner Flame           Hex/Fire       42%        N/A       1%          3
d - Sticky Flame          Conj/Fire      42%        2d6       2%          4
e - Fireball              Conj/Fire      21%        3d10      7%          5
f - Summon Small Mammal   Summ           100%       N/A       1%          1
g - Call Imp              Summ           42%        N/A       1%          2
h - Ignite Poison         Fire/Tmut/Pois 42%        N/A       1%          3
i - Vampiric Draining     Necr           21%        2d9       1%          3
Your spell library was empty.

Dungeon Overview and Level Annotations

Branches:
Dungeon (7/15)             Temple (1/1) D:5

Altars:
Ashenzari
Cheibriados
Dithmenos
Elyvilon
Fedhas
Gozag
Hepliaklqana
Kikubaaqudgha
Makhleb
Nemelex Xobeh
Okawaru
Qazlal
Ru
Sif Muna
Trog
Uskayaw
Vehumet
Wu Jian
Xom
Yredelemnul
The Shining One

Shops:
D:4 =[*

Annotations:
D:7 Harold


Innate Abilities, Weirdness & Mutations

You are immune to poison.
Your flesh is very heat resistant. (rF++)
You are vulnerable to cold. (rC-)
You float through the air rather than walking.
You learn spells naturally, not from books.
Your magical power is your life essence.
You have superior vitality. (+4 HP)


Message History

Casting: Foxfire (safe; 1% risk of failure)
Confirm with . or Enter, or press ? or * to list all spells.
Aiming: Inner Flame (safe; 1% risk of failure)
Press: ? - help, Shift-Dir - straight line, f - orc
Aim: an orc, wielding a +0 falchion and wearing a +0 leather armour (asleep, chance to affect: 97%)
The orc shouts!
The orc is filled with an inner flame.
You hear a shout!
An orc comes into view. It is wielding a +0 club.
An orc comes into view. It is wielding a +3 hand axe.
Casting: Inner Flame (safe; 1% risk of failure)
Confirm with . or Enter, or press ? or * to list all spells.
You conjure some foxfire!
The orc shouts!
The orc wizard points at itself and mumbles some strange words.
The orc wizard flickers and vanishes!
Deactivating autopickup; reactivate with Ctrl-A.
You reach to attack!
You slash the orc! Makhleb accepts your kill.
The orc explodes!
The foxfire hits Harold but does no damage. x2
Harold fires a harpoon shot at you. The harpoon shot hits you!
You are yanked forward by the harpoon shot.
Really fly into that cloud of flame?
You are engulfed in blazing flames.
You resist.
Harold throws a throwing net.
The throwing net hits you.
You become entangled in the net!
Things that are here:
a throwing net; a +0 falchion; a +0 leather armour You struggle against the net.
You are engulfed in blazing flames.
You resist.
You struggle against the net.
You are engulfed in blazing flames.
You resist. Harold hits you with a +0 dire flail!
You struggle against the net.
You are engulfed in blazing flames.
You resist.
* * * LOW HITPOINT WARNING * * *
Harold casts a spell at you. A sentinel's mark forms upon you.
You rip the net and break free!
You are engulfed in blazing flames.
You resist.
* * * LOW HITPOINT WARNING * * *
Harold hits you with a +0 dire flail!!
You die...

##...## #.....#
#...... .....## .....
o{. #o# ## .## #@# ..
..# #@# #.. ..# ##☼##
#.. #.# ##...##
#..##.## ##.....##
###...... ##.......##
........####.....)...#
...........'†........+
###.#...####.........#
#...<## ##.......##


You could see Harold and 2 orcs.

Vanquished Creatures
  Sigmund (D:4)
  Eustachio (D:4)
  A water moccasin (D:6)
  An orc warrior (D:6)
  2 ice beasts
  A black bear (D:6)
  2 ogres
  2 necrophages
  A phantom (D:5)
  A scorpion (D:2)
  A water moccasin skeleton (D:5)
  A howler monkey (D:6)
  5 hounds
  2 bullfrog skeletons
  A bullfrog zombie (D:4)
  A centaur zombie (D:6)
  4 orc priests
  Crazy Yiuf (D:2)
  A centaur skeleton (D:4)
  7 iguanas
  An orc wizard (D:3)
  Natasha (twice) (D:2)
  3 scorpion zombies
  2 hound zombies (D:4)
  A hound skeleton (D:4)
  2 howler monkey skeletons
  6 adders
  An ufetubus (D:5)
  An adder skeleton (D:4)
  An adder zombie (D:4)
  2 worms
  2 dart slugs
  15 orcs
  4 bats
  5 endoplasms
  4 giant cockroaches
  6 goblins
  8 hobgoblins
  4 jackals (D:4)
  12 kobolds
  6 quokkas
  5 ball pythons
  3 frilled lizards
  A jackal skeleton (D:4)
  5 rats
139 creatures vanquished.

Vanquished Creatures (collateral kills)
  A hobgoblin (D:2)
  A foxfire (D:4)
2 creatures vanquished.

Vanquished Creatures (others)
  359 foxfires
  14 plants (D:1)
  2 withered plants (D:4)
375 creatures vanquished.

Grand Total: 516 creatures vanquished

Notes
Turn   | Place    | Note
-------+----------+-------------------------------------------
     0 | D:1      | jestyr24 the Djinni Fire Elementalist began the quest for
                  | the Orb.
     0 | D:1      | Reached XP level 1. HP: 15/15 MP: 0/0
    91 | D:1      | Reached skill level 3 in Spellcasting
    91 | D:1      | Reached XP level 2. HP: 16/21 MP: 0/0
   634 | D:1      | Reached XP level 3. HP: 22/25 MP: 0/0
   634 | D:1      | Learned a level 1 spell: Summon Small Mammal
   718 | D:1      | You are sucked into a shaft and drop 1 floor!
   995 | D:2      | Noticed Natasha
  1004 | D:2      | Killed Natasha
  1005 | D:2      | Reached skill level 1 in Fighting
  1005 | D:2      | Reached XP level 4. HP: 28/32 MP: 0/0
  1170 | D:2      | Noticed a scorpion
  1175 | D:2      | Killed a scorpion
  1176 | D:2      | Reached skill level 1 in Short Blades
  1176 | D:2      | Reached skill level 4 in Spellcasting
  1176 | D:2      | Reached XP level 5. HP: 32/37 MP: 0/0
  1176 | D:2      | Learned a level 2 spell: Call Imp
  1275 | D:2      | Noticed Natasha
  1285 | D:2      | Killed Natasha
  1605 | D:2      | Found a faded altar of an unknown god.
  1725 | D:2      | Found a runed translucent door.
  1726 | D:2      | Noticed Crazy Yiuf
  1739 | D:2      | Killed Crazy Yiuf
  1945 | D:3      | Reached XP level 6. HP: 40/43 MP: 0/0
  2597 | D:3      | Reached skill level 5 in Spellcasting
  3334 | D:4      | Reached XP level 7. HP: 36/50 MP: 0/0
  3334 | D:4      | Learned a level 3 spell: Ignite Poison
  3427 | D:4      | Found Batufas's Jewellery Emporium.
  3624 | D:4      | Found Wip Tyru's Armour Shoppe.
  3644 | D:4      | Noticed Sigmund
  3859 | D:4      | Found a faded altar of an unknown god.
  3859 | D:4      | Found a faded altar of an unknown god.
  3859 | D:4      | Found a hazy altar of Hepliaklqana.
  4065 | D:4      | Found Cinoacw's Assorted Antiques.
  4066 | D:4      | Found the +3 hat of Pondering {ponderous, Will+ MP+10
                  | Int+5}
  4230 | D:4      | Found a sacrificial altar of Ru.
  4277 | D:4      | Noticed Eustachio
  4664 | D:4      | Killed Eustachio
  4665 | D:4      | Reached skill level 6 in Spellcasting
  4817 | D:4      | Killed Sigmund
  4818 | D:4      | Reached XP level 8. HP: 51/58 MP: 0/0
  5376 | D:5      | Entered Level 5 of the Dungeon
  5471 | D:5      | Found a blossoming altar of Fedhas.
  5542 | D:5      | Reached skill level 7 in Spellcasting
  5554 | D:5      | Reached skill level 1 in Polearms
  5588 | D:5      | Reached skill level 5 in Fighting
  5655 | D:5      | Found a staircase to the Ecumenical Temple.
  5666 | Temple   | Entered the Ecumenical Temple
  5731 | Temple   | Became a worshipper of Makhleb the Destroyer
  5869 | D:5      | Found a broken altar of Ashenzari.
  6038 | D:5      | Reached skill level 5 in Dodging
  6038 | D:5      | Reached XP level 9. HP: 60/65 MP: 0/0
  6038 | D:5      | Learned a level 3 spell: Vampiric Draining
  6163 | D:5      | Found an opulent altar of Gozag.
  6259 | D:5      | Found a glowing golden altar of the Shining One.
  6670 | D:6      | Reached skill level 8 in Spellcasting
  7108 | D:7      | Found a basalt altar of Yredelemnul.
  7455 | D:7      | Noticed Harold
  7463 | D:7      | Mangled by Harold

Illustrated notes

Levels and vault maps discovered:
D:1:      saegor_arrival_simple_a, layout_rooms, lexackson_kobold_supper
D:2:      layout_basic, basic_ecumenical_altar, kennysheep_generic_room_10,
          uniq_crazy_yiuf_cottage, uniq_natasha
D:3:      layout_basic
D:4:      layout_loops_ring, lemuel_crystal_altar,
          nicolae_hepliaklqana_ecumenical_no_more, serial_undead,
          serial_undead_d, serial_undead_b, serial_undead_f, serial_undead_d,
          serial_shops, nicolae_shop_stone, nicolae_shop_overgrown_old_shop,
          shop, chequers_serial_rivers_large_a, uniq_sigmund, uniq_eustachio
D:5:      layout_rooms, fedhas_altar_2, amcnicky_altar_gilded,
          marbit_many_paths, nicolae_tso_swordbearing_angel,
          minmay_temple_entry_glassed_door, minmay_misc_feat_secret_circle
D:6:      layout_rooms, lemuel_crystal_altar
D:7:      layout_loops_corners, kennysheep_little_box, uniq_harold
Temple:   dshaligram_water_room_temple

Skill      XL: |  1  2  3  4  5  6  7  8  9 |
---------------+----------------------------+-----
Spellcasting   | 3 4 5 6 7 8 |  8.4
Fighting       | 1 2 3 4 5 |  5.7
Short Blades   | 1 |  1.2
Dodging        | 3 4 5 |  5.3
Polearms       | 1 |  1.4
Stealth        | |  1.6

Action                   |  1- 3 |  4- 6 |  7- 9 || total
-------------------------+-------+-------+-------++-------
Melee: Short sword       |    10 |    54 |    24 ||    88
       Unarmed           |     1 |       |       ||     1
       Scythe            |       |       |    45 ||    45
Throw: Dart              |     8 |     2 |       ||    10
 Cast: Foxfire           |    41 |    58 |   110 ||   209
       Summon Small Mamm |     1 |       |       ||     1
       Call Imp          |       |     2 |       ||     2
       Inner Flame       |       |     1 |    25 ||    26
       Conjure Flame     |       |       |     4 ||     4
  Use: Scroll            |       |     2 |    11 ||    13
 Stab: Sleeping          |       |       |     1 ||     1
Armor: Robe              |     4 |    13 |    35 ||    52
Dodge: Dodged            |    12 |    53 |   113 ||   178

Table legend: (Time is in decaauts)
 A = Elapsed time spent in this place.
 B = Non-inter-level travel time spent in this place.
 C = Inter-level travel time spent in this place.
 D = Time resting spent in this place.
 E = Time spent auto-exploring this place.
 F = Levels seen in this place.
 G = Mean time per level.
                   A        B        C        D        E       F      G
               +--------+--------+--------+--------+--------+-----+--------+
         Total |   7669 |   7205 |    464 |   2363 |   3311 |   8 |  958.6 |
       Dungeon |   7567 |   7125 |    442 |   2363 |   3242 |   7 | 1081.0 |
        Temple |    101 |     79 |     22 |      0 |     69 |   1 |  101.0 |
               +--------+--------+--------+--------+--------+-----+--------+

Top non-repeatable levels by time:
     D:4: 1974 daAuts
     D:3: 1655 daAuts
     D:5: 1294 daAuts
     D:2: 1230 daAuts
     D:1: 718 daAuts
     D:6: 589 daAuts
     D:7: 106 daAuts
  Temple: 101 daAuts
